Map: Prion Terraces

Players

Joel

  • Race: Zerg Zerg

juhyg - Winner!

  • Race: Zerg Zerg
  • League: Bronze

VOD

Have the link to the VOD?

Description

Time

  • Played on: Feb. 5, 2016, 9 p.m.
  • Length: 7:35
Show
View Real Time Build Order
Export as new Build Order

Joel Zerg 

Build Orders: Pool First 

Get SALT Encoding   

  12  0:01  Drone  
  13  0:09  Drone  
  14  0:17  Overlord  
  14  0:25  Overlord  
  14  0:43  Spawning Pool  
  14  0:46  Drone  
  14  0:49  Drone  
  15  1:30  Zergling x4  
  15  1:31  Zergling x2, Queen  
  20  1:34  Extractor  
  19  1:41  Drone  
  20  1:53  Drone  
  21  2:02  Drone  
  21  2:06  Hatchery  
  21  2:16  Drone  
  22  2:36  Drone x2  
  22  2:54  Drone x3  
  25  3:02  Drone  
  26  3:13  Overlord x3  
  26  3:17  Drone  
  26  3:19  Queen  
  29  3:20  Drone  
  29  3:26  Roach Warren  
  29  3:30  Drone, Hatchery  
  29  3:32  Drone  
  30  3:41  Drone  
  31  3:42  Drone  
  31  3:45  Drone  
  31  3:46  Drone x2  
  35  3:55  Drone  
  36  3:58  Drone  
  36  4:02  Drone  
  38  4:09  Evolution Chamber  
  37  4:14  Evolution Chamber  
  37  4:16  Drone x2  
  38  4:17  Drone  
  38  4:21  Drone  
  39  4:28  Roach x2  
  43  4:31  Roach  
  43  4:32  Roach x3  
  43  4:37  Extractor  
  50  4:40  Extractor  
  50  4:43  Extractor  
  50  4:44  Drone x2  
  50  4:46  Drone  
  50  4:49  Drone x3  
  54  4:58  Lair  
  54  4:59  Zerg Missile Weapons Level 1  
  54  5:03  Drone  
  55  5:11  Drone x2  
  55  5:12  Drone  
  58  5:18  Zerg Ground Armor Level 1  
  58  5:26  Roach x3  
  64  5:29  Roach  
  64  5:34  Overlord x3  
  64  5:35  Overlord  
  66  5:49  Overlord x4  
  66  5:52  Queen  
  70  5:57  Roach x3  
  74  6:13  Hatchery  
  73  6:18  Spore Crawler  
  73  6:23  Spine Crawler  
  71  6:28  Drone x2  
  71  6:29  Drone  
  74  6:36  Hydralisk Den  
  73  6:41  Roach x4  
  73  6:44  Roach  
  73  6:46  Drone  
  84  7:02  Roach x2  
  84  7:03  Roach x4  
  84  7:06  Drone x2  
  98  7:14  Roach x2  
  103  7:22  Drone  
  103  7:23  Drone x4  
Show
View Real Time Build Order
Export as new Build Order

juhyg Zerg - Winner!

Build Orders: Pool First 

Get SALT Encoding   

  12  0:18  Spawning Pool  
  11  0:28  Drone  
  11  0:29  Drone  
  11  0:35  Overlord  
  14  0:42  Drone  
  14  0:54  Drone  
  15  1:01  Drone  
  16  1:08  Extractor  
  16  1:09  Queen  
  17  1:16  Overlord  
  17  1:52  Drone  
  18  2:03  Drone x2  
  18  2:06  Extractor  
  18  2:07  Drone  
  20  2:17  Drone  
  20  2:21  Drone  
  22  2:58  Lair  
  22  2:59  Drone x3  
  25  3:06  Roach Warren  
  24  3:40  Drone x3  
  27  3:50  Hatchery  
  27  3:51  Zergling x2  
  27  3:52  Roach  
  27  3:53  Overlord  
  29  4:00  Zergling x2  
  29  4:45  Spire  
  28  4:49  Overlord x2  
  28  4:52  Overlord x3  
  28  5:00  Metabolic Boost  
  28  5:09  Drone x3  
  31  5:16  Overseer  
  31  5:23  Queen  
  33  5:49  Drone x3  
  37  5:50  Drone  
  37  5:59  Mutalisk x5  
  47  6:06  Mutalisk  
  49  6:12  Mutalisk  
  49  6:14  Zergling x2  
  52  6:20  Mutalisk  
  54  6:34  Zergling x4  
  54  6:36  Zergling x12  
  61  6:45  Mutalisk  
  63  6:59  Mutalisk  
  67  7:01  Roach  
  67  7:02  Zergling x2  
Tags
 
Add a new tag
Caveats
  • Supply blocks, unpowered buildings, or Contaminate may cause inaccurate times.
  • Supply counts are checked every 10 seconds.